 Dungeon Crawl Stone Soup version 0.30.0-30-g96aa6591b8 (webtiles) character file.

Game seed: 13990014998756620430

856 Ayven the Cleaver (level 8, -8/69 HPs)
             Began as a Hill Orc Fighter on June 28, 2023.
             Mangled by Pikel
             ... wielding a +1 whip of electrocution
              (12 damage)
             ... on level 5 of the Dungeon.
             The game lasted 00:23:29 (4143 turns).

Ayven the Cleaver (Hill Orc Fighter)                Turns: 4143, Time: 00:23:29

Health: -8/69      AC:  8    Str: 21    XL:     8   Next: 2%
Magic:  8/8        EV:  9    Int:  8    God:
Gold:   227        SH:  4    Dex: 10    Spells: 7/7 levels left

rFire   . . .        a - +1 war axe
rCold   . . .        c - +0 buckler
rNeg    . . .        b - +1 scale mail
rPois   .            (no helmet)
rElec   .            (no cloak)
rCorr   .            (no gloves)
SInv    .            (no boots)
Will    .....        k - amulet of faith Stlth
                     (no ring)
HPRegen 0.31/turn    (no ring)
MPRegen 0.11/turn

%: faith
@: about to teleport, studying Armour
A: no striking features
a: no special abilities


You were on level 5 of the Dungeon.
You visited 1 branch of the dungeon, and saw 5 of its levels.

You collected 227 gold pieces.

Inventory:

Hand Weapons
 a - a +1 war axe (weapon)
 h - a +2 scythe of protection
 l - a +0 dagger of freezing
Missiles
 i - 17 boomerangs (quivered)
 m - 17 poisoned darts
Armour
 b - a +1 scale mail (worn)
 c - a +0 buckler (worn)
Magical Staves
 f - a staff of fire
Jewellery
 g - an amulet of guardian spirit
 k - an amulet of faith (around neck)
 s - a ring of ice
Wands
 q - a wand of mindburst (14)
Scrolls
 e - 4 scrolls of identify
 n - a scroll of noise
 p - a scroll of teleportation
 r - 2 scrolls of enchant armour
Potions
 d - a potion of lignification
 j - a potion of invisibility
 o - a potion of brilliance


   Skills:
 + Level 5.5 Fighting
 * Level 8.1 Axes
 + Level 1.4 Staves
 - Level 0.1 Throwing
 + Level 5.7 Armour
 - Level 0.2 Dodging
 - Level 0.2 Stealth
 + Level 4.2 Shields


You had 7 spell levels left.
You didn't know any spells.
Your spell library contained the following spells:

 Spells                   Type           Power      Damage    Failure   Level
 Sting                    Tmut/Pois      0%         1d3       80%         1
 Poisonous Vapours        Pois/Air       0%         N/A       90%         2
 Olgreb's Toxic Radiance  Pois           0%         N/A       100%        4


Dungeon Overview and Level Annotations

Branches:
Dungeon (5/15)
 Temple: D:4-7

Altars:
Vehumet
Wu Jian

Shops:
D:2 (

Annotations:
D:5 Pikel


Message History

Pikel is heavily wounded.
Pikel hits you with a +1 whip of electrocution!
You barely miss Pikel.
Pikel is heavily wounded.
Pikel hits you with a +1 whip of electrocution.
You slash Pikel!
Pikel is severely wounded.
Pikel hits you with a +1 whip of electrocution.
You barely miss Pikel.
Pikel is severely wounded.
Pikel hits you with a +1 whip of electrocution.
You are electrocuted!
You barely miss Pikel.
Pikel is severely wounded.
Pikel hits you but does no damage. Pikel completely misses you.
You barely miss Pikel.
Pikel is severely wounded.
Pikel barely misses you.
You barely miss Pikel.
Pikel is severely wounded.
Pikel hits you with a +1 whip of electrocution.
You barely miss Pikel.
Pikel is severely wounded.
Pikel hits you with a +1 whip of electrocution!
You barely miss Pikel.
Pikel is severely wounded.
Pikel barely misses you.
You hit Pikel.
Pikel is severely wounded.
Pikel hits you with a +1 whip of electrocution!
You hit Pikel but do no damage.
Pikel is severely wounded.
Pikel hits you but does no damage.
You are electrocuted!
* * * LOW HITPOINT WARNING * * *
As you read the scroll of teleportation, it crumbles to dust.
You feel strangely unstable.
Pikel hits you with a +1 whip of electrocution!
* * * LOW HITPOINT WARNING * * *
You are electrocuted!
You die...

#.##.#
#.##.#
#)##.###
#.##...
##.##.#
#.....#
#..#### ##
#..###...##
#..@K55....
#.###5...##
#.# #....
#.# ### #.#
#. #. #.


You could see Pikel and 3 lemures.

Vanquished Creatures
  Sigmund (D:4)
  2 ogres (D:4)
  A lemure (D:5)
  2 hounds (D:4)
  3 orc priests
  A jelly (D:5)
  2 iguanas (D:4)
  An orc wizard (D:2)
  Natasha (thrice) (D:4)
  4 gnolls (D:3)
  4 adders
  2 dart slugs
  10 orcs
  7 ball pythons
  3 bats (D:1)
  5 endoplasms
  5 giant cockroaches
  10 goblins
  14 hobgoblins
  4 jackals
  15 kobolds
  6 quokkas
  5 frilled lizards
  9 rats
119 creatures vanquished.

Notes
Turn   | Place    | Note
-------+----------+-------------------------------------------
     0 | D:1      | Ayven the Hill Orc Fighter began the quest for the Orb.
     0 | D:1      | Reached XP level 1. HP: 19/19 MP: 1/1
   159 | D:1      | Reached XP level 2. HP: 27/27 MP: 2/2
   217 | D:1      | Reached skill level 3 in Axes
   492 | D:1      | Reached XP level 3. HP: 31/33 MP: 3/3
   897 | D:2      | Found Peym's Antique Weapon Boutique.
   961 | D:2      | Found a radiant altar of Vehumet.
  1179 | D:2      | Reached XP level 4. HP: 18/40 MP: 4/4
  1212 | D:2      | Reached skill level 4 in Axes
  1534 | D:2      | Reached skill level 1 in Staves
  1534 | D:2      | Reached XP level 5. HP: 13/46 MP: 5/5
  2138 | D:3      | Found a faded altar of an unknown god.
  2417 | D:3      | Reached skill level 5 in Axes
  2965 | D:4      | Reached XP level 6. HP: 53/53 MP: 6/6
  3030 | D:4      | Noticed Sigmund
  3040 | D:4      | Noticed Natasha
  3049 | D:4      | Killed Natasha
  3075 | D:4      | Killed Sigmund
  3076 | D:4      | Reached skill level 6 in Axes
  3076 | D:4      | Reached skill level 5 in Armour
  3076 | D:4      | Reached XP level 7. HP: 17/60 MP: 7/7
  3344 | D:4      | Found an ornate altar of the Wu Jian Council.
  3354 | D:4      | Reached skill level 5 in Fighting
  3462 | D:4      | Noticed Natasha
  3471 | D:4      | Killed Natasha
  3618 | D:4      | Noticed Natasha
  3621 | D:4      | Reached skill level 7 in Axes
  3633 | D:4      | Killed Natasha
  4089 | D:5      | Entered Level 5 of the Dungeon
  4093 | D:5      | Reached skill level 8 in Axes
  4093 | D:5      | Reached XP level 8. HP: 69/69 MP: 8/8
  4127 | D:5      | Noticed Pikel
  4143 | D:5      | Mangled by Pikel

Illustrated notes

Levels and vault maps discovered:
D:1:      dpeg_arrival_shelter, layout_loops_ring
D:2:      layout_loops_ring, basic_altar, serial_glass, glass_columns_a,
          glass_columns_c, glass_columns_b, glass_columns_a, serial_shops, shop,
          minmay_tromino_v4_b
D:3:      layout_basic, shapermc_ecumenical_altar_mp_ritualfount
D:4:      minmay_razor_zed, layout_rooms, mainiacjoe_overflow_catwalk,
          kennysheep_generic_room_14, uniq_natasha, uniq_sigmund
D:5:      layout_loops_ring, makhleb_blood_cavern_becter,
          mainiacjoe_overflow_paths, uniq_pikel

Skill      XL: |  1  2  3  4  5  6  7 |
---------------+----------------------+-----
Axes           | 3 4 5 6 8 |  8.1
Fighting       | 4 5 |  5.5
Armour         | 4 5 |  5.7
Staves         | 1 |  1.4
Shields        | 4 |  4.2
Throwing       | |  0.1
Dodging        | |  0.2
Stealth        | |  0.2

Action                     |  1- 3 |  4- 6 |  7- 9 || total
---------------------------+-------+-------+-------++-------
  Melee: War axe           |    98 |   145 |   125 ||   368
         Staff             |    15 |    35 |       ||    50
  Throw: Boomerang         |     3 |     1 |       ||     4
    Use: Scroll            |     3 |     4 |     3 ||    10
         Potion            |     1 |     5 |       ||     6
 Armour: Scale mail        |    84 |    71 |    41 ||   196
  Dodge: Dodged            |    85 |    52 |    43 ||   180
  Block: Buckler           |    39 |    26 |    15 ||    80
